 Dungeon Crawl Stone Soup version 0.20-a0-924-gfa95efa (webtiles) character file.

562 Rrauwl the Carver (level 7, 0/57 HPs)
             Began as a Barachi Monk on Mar 27, 2017.
             Slain by a worker ant (7 damage)
             ... on level 4 of the Dungeon.
             The game lasted 00:12:36 (3238 turns).

Rrauwl the Carver (Barachi Monk)                    Turns: 3238, Time: 00:12:36

Health: 0/57       AC:  5    Str: 13    XL:     7   Next: 31%
Magic:  7/7        EV: 13    Int: 12    God:
Gold:   186        SH:  0    Dex: 14    Spells: 6/6 levels left

rFire    . . .     SeeInvis .   a - +0 falchion
rCold    + . .     Gourm    .   (no shield)
rNeg     + + .     Faith    .   r - +2 leather armour {rC+}
rPois    +         Spirit   .   (helmet restricted)
rElec    .         Reflect  .   (no cloak)
rCorr    .         Harm     .   (no gloves)
MR       .....                  (no boots)
Stlth    ++........             (no amulet)
Regen    0.2/turn               g - ring of positive energy
MPRegen  0.1/turn               s - ring of positive energy

@: slow
A: +LOS, swims, horns 1, poison resistance, robust 1, slowness 1, strong legs 1
a: Hop


You were on level 4 of the Dungeon.
You were not hungry.

You visited 1 branch of the dungeon, and saw 4 of its levels.

You collected 186 gold pieces.

Inventory:

Hand Weapons
 a - a +0 falchion (weapon)
 f - a +0 hand crossbow
Armour
 r - a +2 leather armour of cold resistance (worn)
Jewellery
 g - a ring of positive energy (left hand)
 h - an uncursed ring of stealth
 q - an uncursed ring of stealth
 s - a ring of positive energy (right hand)
Scrolls
 b - 4 scrolls of identify
 e - a scroll of amnesia
 j - 2 scrolls of enchant weapon {unknown}
 m - a scroll of recharging {unknown}
 n - 2 scrolls of magic mapping {unknown}
 o - 3 scrolls of fog
Comestibles
 c - 5 bread rations
 d - a royal jelly
 k - 3 meat rations
 p - 2 fruits


   Skills:
 - Level 3.6 Fighting
 + Level 9.8 Long Blades
 - Level 3.2 Dodging
 - Level 1.7 Stealth


You had 6 spell levels left.
You didn't know any spells.

Dungeon Overview and Level Annotations

Branches:
Dungeon (4/15)
 Temple: D:4-7

Altars:
Gozag
Okawaru
Sif Muna
Trog
Xom
Zin


Innate Abilities, Weirdness & Mutations

Shadows flee at your approach. (+LOS)
You can swim through water.
You cover ground slowly.
You can hop short distances.
You have a pair of small horns on your head.
Your system is resistant to poisons. (rPois)
You are robust. (+10% HP)


Message History

The iguana bites you.
* * * LOW HITPOINT WARNING * * *
You hit the iguana but do no damage.
The iguana is severely wounded.
The iguana barely misses you.
It was a potion of mutation.
You feel extremely strange. A pair of horns grows on your head!
You feel robust.
You feel resistant to poisons. The iguana closely misses you.
You closely miss the iguana.
You headbutt the iguana, but do no damage.
The iguana is severely wounded.
The iguana barely misses you.
You hit the iguana but do no damage. You headbutt the iguana.
You kill the iguana!
You hit the worker ant but do no damage.
The worker ant bites you but does no damage.
You hit the worker ant but do no damage.
The worker ant bites you!
You die...

#......[###.##########
...########..#........
#..'........
############
####.)#........
...........
#..##.#########
..........####[.##.#
...........#.#.##..#
..⌠........a#.#....#
...........#@#.###.+
........J.####.)####
...........# #..#
############ ####


You could see a worker ant.

Vanquished Creatures
  Duvessa (D:4)
  Dowan (D:4)
  3 crimson imps (D:3)
  An orc priest (D:4)
  An orc wizard (D:4)
  Jessica (D:2)
  An iguana (D:4)
  Terence (D:2)
  2 worker ants (D:4)
  4 adders
  An ooze (D:1)
  An adder skeleton (D:4)
  A worm (D:2)
  3 dart slugs
  2 leopard geckos (D:1)
  4 orcs (D:4)
  10 bats
  A giant cockroach (D:4)
  9 goblins
  7 hobgoblins
  5 jackals
  2 quokkas
  8 frilled lizards
  2 kobolds
  7 rats
79 creatures vanquished.

Notes
Turn   | Place    | Note
-------+----------+-------------------------------------------
     0 | D:1      | Rrauwl the Barachi Monk began the quest for the Orb.
     0 | D:1      | Reached XP level 1. HP: 18/18 MP: 1/1
    46 | D:1      | Reached skill level 4 in Long Blades
   101 | D:1      | Reached XP level 2. HP: 8/24 MP: 2/2
   723 | D:1      | Reached XP level 3. HP: 29/29 MP: 3/3
   745 | D:1      | Reached skill level 5 in Long Blades
  1188 | D:2      | Found a shimmering altar of Xom.
  1192 | D:2      | Found an iron altar of Okawaru.
  1197 | D:2      | Found a glowing silver altar of Zin.
  1285 | D:2      | Noticed Terence
  1305 | D:2      | Killed Terence
  1305 | D:2      | Reached skill level 6 in Long Blades
  1305 | D:2      | Reached XP level 4. HP: 36/36 MP: 4/4
  1710 | D:2      | Noticed Jessica
  1720 | D:2      | Killed Jessica
  1720 | D:2      | Reached XP level 5. HP: 37/41 MP: 5/5
  1990 | D:3      | Found an opulent altar of Gozag.
  1990 | D:3      | Found a deep blue altar of Sif Muna.
  2320 | D:3      | Reached skill level 7 in Long Blades
  2486 | D:3      | Found a shimmering altar of Xom.
  2684 | D:3      | Reached skill level 8 in Long Blades
  2684 | D:3      | Reached XP level 6. HP: 46/47 MP: 6/6
  2951 | D:4      | Noticed Duvessa
  2968 | D:4      | Killed Duvessa
  2968 | D:4      | Reached skill level 9 in Long Blades
  2968 | D:4      | Reached XP level 7. HP: 29/52 MP: 7/7
  2977 | D:4      | Noticed Dowan
  2984 | D:4      | Killed Dowan
  3055 | D:4      | Found a bloodstained altar of Trog.
  3234 | D:4      | Gained mutation: You have a pair of small horns on your head. [potion of mutation]
  3234 | D:4      | Gained mutation: You are robust. (+10% HP) [potion of mutation]
  3234 | D:4      | Gained mutation: Your system is resistant to poisons. (rPois) [potion of mutation]
  3238 | D:4      | Slain by a worker ant

Vault maps used:
D:1:      grunt_arrival_crossed_arrows, minmay_pentomino_v2
D:2:      minmay_overflow_temple_star_quad, uniq_jessica, uniq_terence
D:3:      gammafunk_temple_overflow_statue, first_bread, serial_park_tiny_pond,
          led_xom_imps
D:4:      lightli_temple_of_fire, nrook_uturn, hangedman_decor_lopped,
          wad_rectangle_vault, uniq_duvessa

Skill      XL: |  1  2  3  4  5  6 |
---------------+-------------------+-----
Long Blades    | 4 6 8 9 |  9.8
Fighting       | |  3.6
Dodging        | |  3.2
Stealth        | |  1.7

Action                   |  1- 3 |  4- 6 |  7- 9 || total
-------------------------+-------+-------+-------++-------
Melee: Falchion          |   120 |   165 |    53 ||   338
       Headbutt          |       |       |     2 ||     2
  Use: Potion            |     2 |     6 |     1 ||     9
       Scroll            |       |       |     4 ||     4
 Stab: Sleeping          |     1 |     2 |       ||     3
  Eat: Chunk             |     2 |     6 |       ||     8
       Fruit             |       |       |     1 ||     1
Armor: Robe              |    15 |       |       ||    15
       Scale mail        |    13 |    43 |     3 ||    59
       Skin              |    10 |    39 |       ||    49
       Leather armour    |       |       |     3 ||     3
Dodge: Dodged            |    71 |    72 |    25 ||   168
       Rpst.: Falchion   |    31 |    18 |     3 ||    52
